 Dungeon Crawl Stone Soup version 0.17-a0-105-g8f3376a (webtiles) character file.

137 Pikaro the Sneak (level 5, -1/26 HPs)
             Began as a Vine Stalker Assassin on Mar 18, 2015.
             Slain by a river rat (6 damage)
             ... summoned by aronpayne's ghost
             ... on level 3 of the Dungeon.
             The game lasted 00:04:00 (1811 turns).

Pikaro the Sneak (Vine Stalker Assassin)            Turns: 1811, Time: 00:04:00

Health: -1/26      AC:  3    Str: 13    XL:     5   Next: 20%
Magic:  0/7        EV: 11    Int: 11    God:
Gold:   115        SH:  0    Dex: 17    Spells: 0 memorised, 4 levels left

rFire  . . .     SeeInvis .     a - +2 dagger
rCold  . . .     Clarity  .     c - +0 robe
rNeg   . . .     SustAb   .     (no shield)
rPois  .         Gourm    .     (no helmet)
rElec  .         Spirit   +     d - +0 cloak
rCorr  .         Warding  .     (no gloves)
rMut   .         Stasis   .     (no boots)
MR     .....                    (no amulet)
Stlth  +++.......               (no ring)
                                (no ring)

@: not resistant to hostile enchantments, fairly stealthy
A: fangs 2, regeneration 1, magic shield, antimagic bite, no device heal 3, rot
immunity
a: no special abilities


You were on level 3 of the Dungeon.
You were not hungry.

You visited 1 branch of the dungeon, and saw 3 of its levels.

You collected 115 gold pieces.

Inventory:

Hand weapons
 a - a +2 dagger (weapon)
 b - a +0 blowgun
Missiles
 e - 8 poisoned needles
 f - 2 curare-tipped needles
Armour
 c - a +0 robe (worn)
 d - a +0 cloak (worn)
Jewellery
 r - an uncursed ring of protection from magic {unknown}
   (You took it off a hobgoblin on level 3 of the Dungeon)
Scrolls
 j - a scroll of remove curse {unknown}
 s - a scroll of identify {unknown}
Potions
 h - 2 potions of curing {unknown}
 k - a potion of haste {unknown}
 l - a potion of cancellation {unknown}
 m - 2 potions of mutation {unknown}
 q - a potion of magic {unknown}
Comestibles
 g - 3 bread rations
 i - a royal jelly
 n - 4 meat rations
 o - 6 chunks of flesh
 p - 2 beef jerkies


   Skills:
 - Level 1.7 Fighting
 + Level 4.7 Short Blades
 - Level 1.7 Throwing
 - Level 0.7 Dodging
 - Level 4.8 Stealth


You had 4 spell levels left.
You didn't know any spells.

Dungeon Overview and Level Annotations

Branches:
Dungeon (3/15)

Altars:
Cheibriados
Gozag

Annotations:
D:2 exclusion: Sigmund, Sigmund
D:3 aronpayne's ghost, average VSSu


Innate Abilities, Weirdness & Mutations

You have extremely sharp teeth.
Your natural rate of healing is unusually fast.
When hurt, damage is shared between your health and your magic reserves.
Your bite disrupts and absorbs the magic of your enemies.
Potions and wands cannot restore your health.
You are immune to rotting.


Message History

The hobgoblin is too close now for your liking.
The hobgoblin shouts!
You hit the hobgoblin.
You kill the hobgoblin!
No target in view!
No target in view!
r - a notched opal ring; a club; a hobgoblin corpse You butcher the hobgoblin corpse.
o - 6 chunks of flesh (gained 3)
You see here a club.
Items here: club A giant newt comes into view.
The helpless giant newt fails to defend itself.
You perforate the giant newt like a sieve!!!!
You kill the giant newt!
s - a scroll labeled EJEYVO REAC
There is an escape hatch in the floor here.
A goblin comes into view. It is wielding a club.
You see here 7 gold pieces.
The helpless goblin fails to defend itself.
You impale the goblin!!!
You kill the goblin!
No target in view!
You now have 115 gold pieces (gained 7). a club; a goblin corpse Aronpayne's ghost (average Vine Stalker Summoner) comes into view.
Aronpayne's ghost moves out of view.
A giant newt comes into view.
A giant mite comes into view.
The helpless giant newt fails to defend itself.
You spit the giant newt like a pig!!!!
You kill the giant newt!
Aronpayne's ghost turns its malevolent gaze towards you.
Aronpayne's ghost casts a spell.
The bat barely misses you.
Aronpayne's ghost casts a spell.
The bat barely misses you. The bat hits you but does no damage.
The bat hits you. Aronpayne's ghost closely misses you.
You now have 6/7 mp.
You miss aronpayne's ghost. You bite aronpayne's ghost.
Aronpayne's ghost's magic leaks into the air.
You drain its magic.
You feel invigorated. Aronpayne's ghost hits you.
The bat hits you but does no damage.
You take 1 damage, and have 25/26 hp.
MP restored: 7 You hit aronpayne's ghost but do no damage.
You bite aronpayne's ghost, but do no damage.
The bat hits you but does no damage. Aronpayne's ghost hits you.
The river rat bites you.
You take 5 damage, and have 20/26 hp.
You now have 6/7 mp.
You hit aronpayne's ghost. The bat hits you but does no damage.
Aronpayne's ghost falters for a moment.
The river rat bites you!
You take 6 damage, and have 14/26 hp.
MASSIVE DAMAGE!!
You now have 5/7 mp.
You hit aronpayne's ghost but do no damage.
You bite aronpayne's ghost, but do no damage.
The bat hits you.
Aronpayne's ghost points and yells, "Attack!"
Aronpayne's ghost hits you but does no damage.
The river rat barely misses you.
You take 1 damage, and have 13/26 hp.
You barely miss aronpayne's ghost. The bat closely misses you.
You hit aronpayne's ghost. The bat hits you. The bat closely misses you.
Aronpayne's ghost barely misses you. The river rat barely misses you.
You take 1 damage, and have 13/26 hp.
You hit aronpayne's ghost but do no damage.
The bat hits you but does no damage.
Aronpayne's ghost points and yells, "Attack!"
Aronpayne's ghost falters for a moment.
The river rat barely misses you.
You closely miss aronpayne's ghost. The bat hits you but does no damage.
You hit aronpayne's ghost.
You bite aronpayne's ghost, but do no damage.
The bat barely misses you.
Aronpayne's ghost mumbles some strange words.
The river rat bites you.
You take 4 damage, and have 9/26 hp.
You now have 3/7 mp.
You hit aronpayne's ghost but do no damage.
Your bite misses aronpayne's ghost. The bat misses you.
The river rat bites you.
You now have 2/7 mp.
You hit aronpayne's ghost! The bat hits you. Aronpayne's ghost misses you.
The river rat misses you.
You take 1 damage, and have 8/26 hp.
The bat misses you. The bat barely misses you.
You closely miss aronpayne's ghost. You bite aronpayne's ghost.
Aronpayne's ghost's magic leaks into the air.
You drain its magic.
You feel invigorated. The bat hits you but does no damage.
The rat barely misses you. Aronpayne's ghost hits you.
* * * LOW HITPOINT WARNING * * *
You take 2 damage, and have 6/26 hp.
You closely miss aronpayne's ghost. Your bite misses aronpayne's ghost.
The bat barely misses you. The river rat closely misses you.
The rat bites you but does no damage.
You closely miss aronpayne's ghost. The bat hits you.
Aronpayne's ghost hits you.
* * * LOW HITPOINT WARNING * * *
The river rat bites you!
You die...

#......#.# #..
#.....##.# #.#
#.....##.#
#####'#
#......#s#
#......
######.#.#
#...... #.#.#
#......
#######'#'####
#......
#......b.....#
#......
#....rr@.....#
#......
#.....rW.....#
#......
#............#
#......
#..?.........#
#######
#............#
###....##+####
#.#### #. #.


You could see aronpayne's ghost, a river rat, a bat and 2 rats.

Vanquished Creatures
  An orc wizard (D:3)
  An adder (D:3)
  3 gnolls (D:3)
  A giant mite (D:3)
  A worm (D:2)
  3 giant geckos (D:1)
  An ooze (D:1)
  A ball python (D:3)
  6 bats
  4 giant cockroaches
  9 hobgoblins
  7 kobolds
  5 giant newts (D:3)
  12 goblins
  2 quokkas (D:2)
  3 rats
60 creatures vanquished.

Notes
Turn   | Place    | Note
--------------------------------------------------------------
     0 | D:1      | Pikaro, the Vine Stalker Assassin, began the quest for the Orb.
     0 | D:1      | Reached XP level 1. HP: 11/11 MP: 1/1
    37 | D:1      | Reached skill level 2 in Short Blades
   108 | D:1      | Reached XP level 2. HP: 10/15 MP: 3/3
   271 | D:1      | Reached skill level 3 in Short Blades
   335 | D:1      | Reached XP level 3. HP: 15/18 MP: 4/4
   563 | D:2      | Noticed Sigmund
   990 | D:2      | Found an opulent altar of Gozag.
  1111 | D:3      | Found a snail-covered altar of Cheibriados.
  1222 | D:3      | Reached XP level 4. HP: 21/23 MP: 5/5
  1331 | D:3      | Reached skill level 4 in Short Blades
  1566 | D:3      | Reached XP level 5. HP: 26/26 MP: 7/7
  1778 | D:3      | Noticed aronpayne's ghost (average VSSu)
  1809 | D:3      | HP: 6/26 [aronpayne's ghost (2)]
  1811 | D:3      | Slain by a river rat

Action                   |  1- 3 |  4- 6 || total
-------------------------+-------+-------++-------
Melee: Dagger            |    82 |    58 ||   140
 Stab: Sleeping          |    12 |     4 ||    16
       Distracted        |       |     1 ||     1
  Eat: Chunk             |     1 |     2 ||     3

Vault maps used:
D:1:      minmay_arrival_glassed_features
D:2:      nicolae_overflow_hidden_temple, serial_curves, eino_curves_04,
          eino_curves_04, minmay_close_crescents, uniq_sigmund
D:3:      cheibriados_altar_1, first_bread

Table legend:
 A = Turns spent in this place as a percentage of turns spent in the entire game.
 B = Non-inter-level travel turns spent in this place as a percentage of non-inter-level travel turns spent in the entire game.
 C = Inter-level travel turns spent in this place as a percentage of turns spent in this place.
 D = Turns resting spent in this place as a percentage of non-inter-level travel turns spent in this place.
 E = Turns spent auto-exploring this place as a percentage of non-inter-level travel turns spent in this place.
 F = Non-inter-level travel turns spent in this place divided by the number of levels of this place that you've seen.
                   A       B       C       D       E      F
               +-------+-------+-------+-------+-------+----------------------
         Total | 100.0 | 100.0 |   0.5 |   6.6 |  10.7 | 183.0
       Dungeon | 100.0 | 100.0 |   0.5 |   6.6 |  10.7 | 183.0
               +-------+-------+-------+-------+-------+----------------------

Table legend:
 A = Kills in this place as a percentage of kills in entire the game.
 B = Kills by you in this place as a percentage of kills by you in the entire game.
 C = Kills by friends in this place as a percentage of kills by friends in the entire game.
 D = Other kills in this place as a percentage of other kills in the entire game.
 E = Experience gained in this place as a percentage of experience gained in the entire game.
 F = Experience gained in this place divided by the number of levels of this place that you have seen.
                   A       B       C       D       E      F
               +-------+-------+-------+-------+-------+----------------------
         Total | 100.0 | 100.0 |  -nan |  -nan | 100.0 |  65.7
       Dungeon | 100.0 | 100.0 |  -nan |  -nan | 100.0 |  65.7
               +-------+-------+-------+-------+-------+----------------------
